 Dungeon Crawl Stone Soup version 0.27-a0-1122-g2a214b436d (webtiles) character file.

Game seed: 14466164635768727747

111561 Gaff the Eclecticist (level 16, 0/123 HPs)
             Began as a Djinni Earth Elementalist on May 2, 2021.
             Was the Champion of Fedhas.
             Shot with an arrow by a centaur warrior (26 damage)
             ... on level 14 of the Dungeon on May 3, 2021.
             The game lasted 02:20:27 (42794 turns).

Gaff the Eclecticist (Djinni Earth Elementalist)   Turns: 42794, Time: 02:20:27

Health: 0/123      AC: 15    Str: 10    XL:     16   Next: 58%
Gold:   2228       EV:  9    Int: 32    God:    Fedhas [******] SH:  8 Dex: 19

rFire    + + .     SeeInvis +   b - staff of earth
rCold    x . .     Faith    .   d - +2 buckler {rPois}
rNeg     . . .     Spirit   .   h - +3 scale mail {Will+}
rPois    ∞         Reflect  .   N - +1 helmet {SInv}
rElec    +         Harm     .   M - +0 cloak
rCorr    .         Rampage  .   I - +0 pair of gloves
Will     +++..                  (boots unavailable)
Stlth    +.........             u - amulet of the acrobat
HPRegen  0.30/turn              C - ring of Yptutacs {rElec Will+ Str+3 Dex+5}
MPRegen  0.00/turn              s - +6 ring of intelligence

@: flying
A: fire resistance 2, cold vulnerability 1, float, innate caster, hp casting,
extra vitality 1, clever 1, screaming 1
a: Renounce Religion, Wall of Briars, Grow Ballistomycete, Overgrow, Grow Oklob


You were on level 14 of the Dungeon.
You worshipped Fedhas.
Fedhas was exalted by your worship.
You visited 4 branches of the dungeon, and saw 24 of its levels.
You also visited: Sewer, Bailey and Ice Cave.

You collected 2464 gold pieces.
You spent 236 gold pieces at shops.

Inventory:

Hand Weapons
 a - the +4 scimitar of Beotorch {vorpal, Will+ Str+2}
   (You took it off an orc on level 5 of the Dungeon)

   It inflicts extra damage upon your enemies.
   It affects your strength (+2).
   It increases your willpower.
Missiles
 r - 658 stones
 P - 8 atropa-tipped darts
 R - 7 curare-tipped darts
Armour
 d - a +2 buckler of poison resistance (worn)
 h - a +3 scale mail of willpower (worn)
 j - a +2 robe of willpower
 v - a +1 troll leather armour {Snorg}
 w - a +4 ring mail
 G - the +3 leather armour of the Playwright {Contam rElec Will+ Str-2 Slay+2}
   (You found it on level 12 of the Dungeon)

   It affects your strength (-2).
   It affects your accuracy and damage with ranged weapons and melee attacks
   (+2).
   It insulates you from electricity.
   It causes magical contamination when unequipped.
   It increases your willpower.
 I - a +0 pair of gloves (worn)
 M - a +0 cloak (worn)
 N - a +1 helmet of see invisible (worn)
Magical Staves
 b - a staff of earth (weapon)
 D - a staff of cold
Jewellery
 e - a ring of wizardry
 l - a ring of protection from cold
 s - a +6 ring of intelligence (right hand)
 u - an amulet of the acrobat (around neck)
 C - the ring of Yptutacs (left hand) {rElec Will+ Str+3 Dex+5}
   (You found it in an ice cave)

   [ring of willpower]

   It affects your strength (+3).
   It affects your dexterity (+5).
   It insulates you from electricity.
   It increases your willpower.
 J - a +4 ring of evasion
Wands
 q - a wand of mindburst (16)
 K - a wand of paralysis (18)
 L - a wand of flame (66)
 O - a wand of digging (5)
 S - a wand of acid (9)
 W - a wand of charming (7)
Scrolls
 c - 2 scrolls of vulnerability {unknown}
 o - a scroll of fog
 p - 4 scrolls of fear {unknown}
 t - 3 scrolls of immolation
 x - a scroll of silence
 z - 2 scrolls of enchant weapon
 A - 6 scrolls of teleportation
 U - a scroll of brand weapon
 Y - 2 scrolls of magic mapping
Potions
 f - 10 potions of heal wounds
 g - 8 potions of brilliance {unknown}
 i - 3 potions of flight {unknown}
 m - 5 potions of might {unknown}
 n - 7 potions of curing
 y - 7 potions of mutation
 B - 4 potions of lignification {unknown}
 E - 2 potions of ambrosia {unknown}
 F - 2 potions of cancellation
 H - 2 potions of berserk rage
 Q - 4 potions of haste
 T - 2 potions of invisibility
 V - a potion of attraction
Miscellaneous
 k - a piece from Xom's chessboard (15/15)


   Skills:
 + Level 14.1 Fighting
 + Level 7.1 Armour
 - Level 2.2 Dodging
 - Level 1.5 Stealth
 - Level 4.0 Shields
 * Level 17.2 Spellcasting
 - Level 9.6 Invocations


You had 8 spell levels left.
You knew the following spells:

 Your Spells              Type           Power      Damage    Failure   Level
a - Sandblast             Erth           100%       2d20      0%          1
b - Passwall              Tmut/Erth      97%        N/A       0%          2
c - Stone Arrow           Conj/Erth      100%       3d13      1%          3
d - Petrify               Tmut/Erth      100%       N/A       1%          4
e - Lee's Rapid Deconstr  Erth           58%        3d28*     1%          5
f - Foxfire               Conj/Fire      100%       2x1d9     0%          1
g - Searing Ray           Conj           100%       3d7       0%          2
h - Gell's Gravitas       Tloc           47%        N/A       1%          3
i - Summon Lightning Spi  Summ/Air       95%        N/A       1%          4
j - Manifold Assault      Tloc           95%        N/A       1%          5
k - Iskenderun's Battles  Conj           95%        2d14      1%          5
l - Dispersal             Tloc           47%        N/A       1%          6
Your spell library was empty.

Dungeon Overview and Level Annotations

Branches:
Dungeon (15/15)            Temple (1/1) D:7            Lair (6/6) D:10
  Swamp (0/4) Lair:4        Snake (0/4) Lair:2        Slime (0/5) Lair:6
    Orc (2/2) D:9             Elf (0/3) Orc:2        Vaults (0/5) D:14
  Sewer (visited)          Bailey (visited)           IceCv (visited)
 Depths: D:15

Altars:
Ashenzari
Cheibriados
Dithmenos
Elyvilon
Fedhas
Gozag
Hepliaklqana
Kikubaaqudgha
Makhleb
Nemelex Xobeh
Okawaru
Qazlal
Ru
Sif Muna
Trog
Uskayaw
Vehumet
Wu Jian
Xom
Yredelemnul
Zin
The Shining One
Beogh
Jiyva

Shops:
D:6 [   D:7 :   D:10 *   Orc:2 [=*(

Annotations:
Lair:4 3 runed translucent doors, Ytzathau's ghost, journeyman MiDe
Orc:1 2 transporters, onwiheg's ghost, novice DgCj


Innate Abilities, Weirdness & Mutations

You are immune to poison.
Your flesh is very heat resistant. (rF++)
You are vulnerable to cold. (rC-)
You float through the air rather than walking.
You learn spells naturally, not from books.
Your magical power is your life essence.
You have superior vitality. (+4 HP)
Your mind is acute. (Int +2)
You occasionally shout uncontrollably at your foes.


Message History

The human is moderately wounded.
Your lightning spire shoots out a bolt of lightning at the human!
The bolt of electricity hits the human!
The foxfire hits the human.
The human is almost dead.
The foxfire hits the human.
You kill the human!
Fedhas appreciates your contribution to the ecosystem.
You start resting.
Your lightning spire disappears in a puff of smoke!
Your battlesphere wavers and loses cohesion.
You start resting.
A centaur warrior is nearby!
Casting: Foxfire (safe; 0% risk of failure)
Confirm with . or Enter, or press ? or * to list all spells.
Okay, then.
A briar patch grows up from the ground. x8
The centaur warrior shouts!
The centaur warrior wields a +0 longbow.
The centaur warrior shoots an arrow.
The arrow hits you!!
Casting: Foxfire (safe; 0% risk of failure)
Confirm with . or Enter, or press ? or * to list all spells.
An electric hum fills the air.
The centaur warrior shoots an arrow.
The arrow hits you!
* * * LOW HITPOINT WARNING * * *
Casting: Summon Lightning Spire (safe; 1% risk of failure)
Confirm with . or Enter, or press ? or * to list all spells.
Aiming: Petrify (safe; 1% risk of failure)
Press: ? - help, Shift-Dir - straight line, f - centaur warrior
Aim: a centaur warrior, wielding a +0 longbow and quivering arrows (ally target, chance to affect: 75%)
You feel a surge of power! Fedhas protects your plant from harm.
The centaur warrior struggles to resist.
* * * LOW HITPOINT WARNING * * *
The centaur warrior shoots an arrow.
The arrow hits you!!
* * * LOW HITPOINT WARNING * * *
The centaur warrior shoots an arrow.
The arrow hits you but does no damage.
The centaur warrior shoots an arrow.
The arrow hits you!!
You die...
Fedhas appreciates your contribution to the ecosystem.

###..............#
..#.........c....###
..#.....##.......#
.............#####
#.............#
.......†....}..
.............#
......PPP....#
.#...$P@P8.#...
#....PPP..#
...........#
......†.##†#
..†...... ..#
......... †#
#........ ..
#......... ..


You could see a centaur warrior (ally target) and a friendly lightning spire
(summoned).

Vanquished Creatures
  Jorgrun (D:15)
  Kirke (D:13)
  2 dire elephants (Lair:6)
  Nessos (Lair:6)
  An ettin (Orc:1)
  Snorg (Orc:2)
  Erolcha (Orc:1)
  A rakshasa (D:15)
  A catoblepas (Lair:4)
  An ogre mage (D:13)
  3 boulder beetles
  4 hydras
  3 centaur warriors
  A death knight (D:12)
  10 death yaks
  11 two-headed ogres
  An orc high priest (Orc:2)
  Nergalle (Orc:2)
  A skeletal warrior (D:10)
  A spectral anaconda (Lair:6)
  A phantasmal warrior (D:13)
  An obsidian statue (Lair:6)
  3 orc knights
  3 necromancers (Lair:6)
  A lindwurm (Lair:5)
  2 orc sorcerers
  A cyclops (Orc:1)
  9 ugly things
  A deep elf pyromancer (D:15)
  A manticore (D:12)
  15 elephants
  2 ice statues (IceCv)
  2 black mambas
  A gargoyle (D:10)
  9 cane toads
  2 unseen horrors (D:12)
  A dire elephant skeleton (Lair:6)
  Maggie (Lair:2)
  2 freezing wraiths
  A kobold demonologist (D:11)
  7 komodo dragons
  A tengu conjurer (D:15)
  A merfolk (shapeshifter) (D:15)
  5 trolls
  A hornet (D:3)
  5 slime creatures
  A dream sheep (Lair:3)
  3 blink frogs
  2 wraiths
  2 basilisks
  A shadow (D:10)
  14 yaks
  4 wyverns
  12 humans (D:14)
  3 vampire mosquitoes (D:14)
  3 hogs (D:13)
  2 death yak simulacra (Lair:6)
  A spectral cane toad (Lair:6)
  A swamp worm (Lair:4)
  2 acid dragons (D:10)
  2 nagas (Lair:2)
  7 water moccasins
  7 ice beasts
  2 elephant zombies (Lair:6)
  24 orc warriors
  2 black bears
  A sky beast (D:5)
  A black bear (shapeshifter) (D:10)
  8 centaurs
  5 ogres
  9 wolves
  2 phantoms
  8 kobold brigands
  A gnoll sergeant (D:10)
  8 bullfrogs
  2 scorpions
  A wyvern zombie (D:7)
  A water moccasin zombie (D:5)
  A water moccasin skeleton (D:6)
  2 killer bees (D:8)
  2 wights (D:9)
  3 howler monkeys
  2 lava snakes (D:9)
  5 centaur zombies
  2 centaur skeletons
  5 jellies
  17 orc priests
  Jessica (D:2)
  A bullfrog skeleton (D:5)
  A hell rat (Lair:2)
  2 iguanas (D:6)
  21 orc wizards
  A killer bee zombie (D:7)
  A human simulacrum (D:13)
  A howler monkey zombie (D:10)
  16 gnolls
  8 adders
  8 river rats
  6 white imps
  3 worms
  4 dart slugs
  36 orcs
  5 endoplasms
  12 giant cockroaches
  11 hobgoblins
  8 jackals
  28 kobolds
  5 quokkas
  4 ball pythons
  8 bats
  2 frilled lizards
  5 goblins
  10 rats
  A foxfire (Lair:6)
516 creatures vanquished.

Vanquished Creatures (collateral kills)
  Saint Roka (Orc:2)
  Rupert (D:13)
  2 dire elephants (Lair:6)
  An ogre mage (D:15)
  A death knight (D:13)
  2 hydras
  A centaur warrior (D:14)
  A two-headed ogre (D:15)
  6 death yaks
  A skeletal warrior (D:13)
  A necromancer (Lair:6)
  3 orc knights (Orc:2)
  7 ugly things
  3 orc sorcerers
  7 elephants
  A manticore (D:13)
  A slime creature (D:12)
  Maurice (D:13)
  A black mamba (Lair:5)
  4 cane toads
  A freezing wraith (D:13)
  A komodo dragon (Lair:1)
  A tengu conjurer (D:15)
  A meliai (shapeshifter) (D:14)
  3 trolls
  5 blink frogs
  A tyrant leech (Lair:4)
  4 dream sheep (Lair:3)
  A shadow (D:11)
  3 humans (D:14)
  2 wraiths
  Grum (D:8)
  3 basilisks
  A vampire (D:13)
  5 yaks
  A spectral cane toad (Lair:6)
  A swamp worm (Lair:4)
  2 nagas (Lair:2)
  5 water moccasins
  2 acid dragons
  An ice beast (IceCv)
  11 orc warriors
  A black bear (Lair:3)
  3 ogres
  5 wolves
  5 centaurs
  A kobold brigand (D:11)
  6 bullfrogs
  A gnoll sergeant (D:10)
  A scorpion (D:6)
  9 killer bees (D:8)
  2 wights (D:9)
  4 howler monkeys (D:9)
  A lava snake (D:9)
  3 jellies
  10 orc priests
  12 orc wizards
  5 hell rats
  A human simulacrum (D:13)
  4 river rats (Lair:2)
  7 white imps (Lair:4)
  23 orcs
  A hobgoblin (Bailey)
  5 kobolds
  A rat (Lair:2)
  5 foxfires
218 creatures vanquished.

Vanquished Creatures (others)
  20 bushes (D:15)
  325 foxfires
  30 fungi
  34 plants
  21 withered plants (Lair:6)
430 creatures vanquished.

Grand Total: 1164 creatures vanquished

Notes
Turn   | Place    | Note
-------+----------+-------------------------------------------
     0 | D:1      | Gaff the Djinni Earth Elementalist began the quest for the
                  | Orb.
     0 | D:1      | Reached XP level 1. HP: 15/15 MP: 0/0
   447 | D:1      | Reached skill level 3 in Spellcasting
   503 | D:1      | Reached XP level 2. HP: 15/21 MP: 0/0
   800 | D:1      | Found a faded altar of an unknown god.
   804 | D:1      | Became a worshipper of Fedhas Madash
   804 | D:1      | Reached * piety under Fedhas
  1568 | D:2      | Reached XP level 3. HP: 10/26 MP: 0/0
  1568 | D:2      | Learned a level 1 spell: Foxfire
  1953 | D:2      | Noticed Jessica
  1965 | D:2      | Killed Jessica
  1966 | D:2      | Reached skill level 1 in Fighting
  2460 | D:2      | Reached XP level 4. HP: 29/32 MP: 0/0
  2669 | D:2      | Reached ** piety under Fedhas
  2946 | D:2      | Reached skill level 4 in Spellcasting
  3199 | D:3      | Found a glowing drain.
  3203 | Sewer    | Entered a sewer
  3210 | Sewer    | Noticed a kobold brigand
  3258 | Sewer    | Noticed a kobold brigand
  3264 | Sewer    | Killed a kobold brigand
  3265 | Sewer    | Reached XP level 5. HP: 30/39 MP: 0/0
  3265 | Sewer    | Learned a level 2 spell: Searing Ray
  3494 | Sewer    | Noticed a kobold brigand
  3496 | Sewer    | Noticed a kobold brigand
  3500 | Sewer    | Killed a kobold brigand
  3501 | Sewer    | Reached XP level 6. HP: 35/46 MP: 0/0
  3506 | Sewer    | Reached skill level 5 in Spellcasting
  3949 | D:3      | Reached XP level 7. HP: 37/50 MP: 0/0
  3949 | D:3      | Learned a level 3 spell: Gell's Gravitas
  4261 | D:3      | Noticed a hornet
  4264 | D:3      | Killed a hornet
  4265 | D:3      | Reached skill level 6 in Spellcasting
  4481 | D:3      | Reached *** piety under Fedhas
  5821 | D:5      | Entered Level 5 of the Dungeon
  5850 | D:5      | Reached XP level 8. HP: 44/58 MP: 0/0
  5854 | D:4      | Reached skill level 1 in Armour
  6010 | D:5      | Identified the +4 scimitar of Beotorch {vorpal, Will+
                  | Str+2}
  6306 | D:5      | Reached skill level 5 in Fighting
  6488 | D:5      | Reached skill level 7 in Spellcasting
  7687 | D:6      | You are sucked into a shaft and drop 2 floors!
  7698 | D:8      | Found a flagged portal.
  7707 | Bailey   | Entered a bailey
  7920 | Bailey   | Reached **** piety under Fedhas
  8173 | Bailey   | Reached XP level 9. HP: 51/66 MP: 0/0
  8173 | Bailey   | Learned a level 4 spell: Summon Lightning Spire
  8774 | D:7      | Reached skill level 8 in Spellcasting
  8848 | D:7      | HP: 3/66 [ogre/+0 giant club (8)]
  9249 | D:6      | Found Ceink's Antique Armour Emporium.
  9254 | D:6      | Bought a glowing helmet for 180 gold pieces
 10137 | D:7      | Identified the +3 ring mail of the Maze {Slay+2}
 10373 | D:7      | Found Ypopnus's Book Shoppe.
 10383 | D:7      | Found a staircase to the Ecumenical Temple.
 10399 | Temple   | Entered the Ecumenical Temple
 10888 | D:8      | Noticed Grum
 11363 | D:8      | Killed Grum
 11368 | D:8      | Reached ***** piety under Fedhas
 11696 | D:8      | Reached skill level 9 in Spellcasting
 11718 | D:8      | Reached skill level 5 in Armour
 12075 | D:9      | Found a snail-covered altar of Cheibriados.
 12087 | D:9      | Reached XP level 10. HP: 72/75 MP: 0/0
 12448 | D:9      | Found a staircase to the Orcish Mines.
 13257 | D:10     | Entered Level 10 of the Dungeon
 13524 | D:10     | Found Aygiwn's Alliterative Accessories.
 13721 | D:10     | Reached skill level 1 in Invocations
 14093 | D:10     | Noticed a death yak
 14100 | D:10     | Noticed a death yak
 14101 | D:10     | Noticed a death yak
 14102 | D:10     | Killed a death yak
 14102 | D:10     | Noticed a death yak
 14102 | D:10     | Noticed a death yak
 14103 | D:10     | Reached skill level 10 in Spellcasting
 14439 | D:10     | Noticed a death yak
 14506 | D:9      | Killed a death yak
 14740 | D:9      | Killed a death yak
 14745 | D:9      | Killed a death yak
 14746 | D:9      | Reached XP level 11. HP: 19/82 MP: 0/0
 14746 | D:9      | Learned a level 5 spell: Manifold Assault
 15242 | D:10     | Found a staircase to the Lair.
 15593 | D:10     | Noticed a skeletal warrior
 15620 | D:10     | Killed a skeletal warrior
 15944 | D:10     | Reached skill level 11 in Spellcasting
 16217 | D:10     | Noticed a centaur warrior
 16222 | D:10     | Killed a centaur warrior
 16223 | D:10     | Reached skill level 1 in Shields
 16567 | D:10     | Noticed a two-headed ogre
 16569 | D:10     | Killed a two-headed ogre
 16990 | D:10     | Killed a death yak
 17107 | Lair:1   | Entered Level 1 of the Lair of Beasts
 17110 | Lair:1   | Gained mutation: You tend to lose your temper in combat.
                  | [potion of mutation]
 17110 | Lair:1   | Gained mutation: You are frail. (-10% HP) [potion of
                  | mutation]
 17110 | Lair:1   | Gained mutation: You are covered in fur. (AC +1) [potion of
                  | mutation]
 17117 | D:10     | Lost mutation: You are covered in fur. (AC +1) [potion of
                  | mutation]
 17117 | D:10     | Lost mutation: You are frail. (-10% HP) [potion of
                  | mutation]
 17117 | D:10     | Lost mutation: You tend to lose your temper in combat.
                  | [potion of mutation]
 17117 | D:10     | Gained mutation: You occasionally shout uncontrollably at
                  | your foes. [potion of mutation]
 17117 | D:10     | Gained mutation: Your mind is acute. (Int +2) [potion of
                  | mutation]
 17723 | D:11     | Noticed a sun demon
 18125 | D:11     | You are sucked into a shaft and drop 3 floors!
 18125 | D:14     | Noticed a centaur warrior
 18127 | D:14     | Identified the +1 helmet of the Elven Halls {Rampage rF+
                  | rC+ rN+}
 18192 | D:13     | Noticed a purple ugly thing
 18202 | D:13     | Killed a purple ugly thing
 18247 | D:13     | Noticed a two-headed ogre
 18247 | D:13     | Noticed a two-headed ogre
 18253 | D:13     | Killed a two-headed ogre
 18254 | D:13     | Reached XP level 12. HP: 82/91 MP: 0/0
 18256 | D:13     | Noticed an ogre mage
 18263 | D:13     | Killed an ogre mage
 18264 | D:13     | Killed a two-headed ogre
 18265 | D:13     | Reached skill level 12 in Spellcasting
 18266 | D:13     | Noticed a two-headed ogre
 18275 | D:13     | Killed a two-headed ogre
 18276 | D:13     | Reached skill level 10 in Fighting
 18522 | D:13     | Noticed a two-headed ogre
 18527 | D:13     | Killed a two-headed ogre
 18552 | D:13     | Noticed a two-headed ogre
 18557 | D:13     | Killed a two-headed ogre
 18557 | D:13     | Reached ****** piety under Fedhas
 18636 | D:13     | Noticed a two-headed ogre
 18643 | D:13     | Killed a two-headed ogre
 18812 | D:12     | Noticed a two-headed ogre
 18814 | D:12     | Killed a two-headed ogre
 19372 | D:11     | Noticed a six-headed hydra
 19397 | D:11     | Killed a six-headed hydra
 19574 | D:12     | Noticed a four-headed hydra
 19579 | D:12     | Killed a four-headed hydra
 19618 | D:12     | Noticed a boulder beetle
 20331 | D:12     | Identified the +3 leather armour of the Playwright {Contam
                  | rElec Will+ Str-2 Slay+2}
 20645 | D:13     | Reached skill level 13 in Spellcasting
 20893 | D:12     | Killed a boulder beetle
 21172 | D:12     | Noticed a death knight
 21179 | D:12     | Killed a death knight
 21502 | D:12     | Noticed a seven-headed hydra
 21509 | D:12     | Killed a seven-headed hydra
 21759 | D:13     | Noticed a death knight
 21790 | D:13     | Reached XP level 13. HP: 44/99 MP: 0/0
 21790 | D:13     | Learned a level 5 spell: Iskenderun's Battlesphere
 22162 | D:13     | Noticed Rupert
 24237 | Lair:2   | Noticed Maggie
 24241 | Lair:2   | Killed Maggie
 24579 | Lair:2   | Found a staircase to the Snake Pit.
 25411 | Lair:3   | Reached skill level 14 in Spellcasting
 25821 | Lair:3   | Upgraded the game from 0.27-a0-1118-ga84896973d to
                  | 0.27-a0-1122-g2a214b436d
 27420 | Lair:4   | Reached skill level 5 in Invocations
 27429 | Lair:4   | Found a runed translucent gate.
 27434 | Lair:4   | Found a runed translucent gate.
 27479 | Lair:4   | Found a runed translucent gate.
 27481 | Lair:4   | Found a viscous altar of Jiyva.
 27481 | Lair:4   | Noticed Ytzathau's ghost (journeyman MiDe)
 27500 | Lair:4   | Found a frozen archway.
 27749 | IceCv    | Entered an ice cave
 27921 | IceCv    | Found a transporter.
 28284 | IceCv    | Found a transporter.
 28290 | IceCv    | Identified the +1 robe of the Journeyman {Rampage}
 28295 | IceCv    | Identified the ring of Yptutacs {rElec Will+ Str+3 Dex+5}
 28515 | Lair:4   | Reached skill level 15 in Spellcasting
 28515 | Lair:4   | Reached XP level 14. HP: 105/107 MP: 0/0
 28654 | Lair:4   | Found a staircase to the Swamp.
 30750 | Lair:6   | Entered Level 6 of the Lair of Beasts
 30961 | Lair:6   | Reached XP level 15. HP: 89/113 MP: 0/0
 30961 | Lair:6   | Learned a level 6 spell: Dispersal
 31176 | Lair:6   | Noticed Nessos
 31670 | Lair:6   | Killed Nessos
 32093 | Lair:6   | Found a staircase to the Slime Pits.
 34025 | Lair:6   | Reached skill level 16 in Spellcasting
 34469 | Lair:6   | Identified the ring "Qiapnil" {rC- AC+4 Int+5}
 35140 | Orc:1    | Entered Level 1 of the Orcish Mines
 35600 | Orc:1    | Noticed Erolcha
 35602 | Orc:1    | Killed Erolcha
 36056 | Orc:1    | Noticed onwiheg's ghost (novice DgCj)
 36112 | Orc:1    | Found a bloodstained altar of Trog.
 36112 | Orc:1    | Found a transporter.
 36119 | Orc:1    | Found a transporter.
 36404 | Orc:2    | Entered Level 2 of the Orcish Mines
 36411 | Orc:2    | Noticed Snorg
 36417 | Orc:2    | Killed Snorg
 36842 | Orc:2    | Found a staircase to the Elven Halls.
 37121 | Orc:2    | Noticed Saint Roka
 38341 | Orc:2    | Noticed Nergalle
 38716 | Orc:2    | Killed Saint Roka
 38946 | Orc:2    | Killed Nergalle
 38947 | Orc:2    | Reached XP level 16. HP: 78/121 MP: 0/0
 39152 | Orc:2    | Found Qotziney's Jewellery Boutique.
 39155 | Orc:2    | Found Hionkois's Antique Armour Boutique.
 39158 | Orc:2    | Found Uceytuz's General Store.
 39175 | Orc:2    | Found Asiythew's Antique Weapon Boutique.
 39677 | Orc:2    | Bought a scroll of identify for 28 gold pieces
 39677 | Orc:2    | Bought a scroll of identify for 28 gold pieces
 39677 | Orc:2    | Identified a scroll of acquirement
 39680 | Orc:2    | Acquired a +2 buckler of poison resistance
 40061 | D:13     | Killed Rupert
 40400 | D:13     | Noticed Kirke
 40404 | D:13     | Killed Kirke
 40586 | D:13     | Noticed Maurice
 40593 | D:13     | Killed Maurice
 40991 | D:14     | Found a gate to the Vaults.
 41743 | D:14     | You are sucked into a shaft and drop 1 floor!
 41743 | D:15     | Entered Level 15 of the Dungeon
 42083 | D:15     | Reached skill level 17 in Spellcasting
 42382 | D:15     | Noticed Jorgrun
 42390 | D:15     | Killed Jorgrun
 42794 | D:14     | Shot with an arrow by a centaur warrior

Illustrated notes

Levels and vault maps discovered:
D:1:      dpeg_arrival_short_road, layout_basic,
          shapermc_ecumenical_altar_mp_vishouse
D:2:      layout_basic, uniq_jessica
D:3:      minmay_spotlight, layout_basic, gup_sewer_entry_spiral,
          chequers_serial_rivers_micro_e, hangedman_abyss_or_decor_lesser_grid
D:4:      layout_rooms
D:5:      layout_rooms, roderic_roman_lattice, st_stairs_8
D:6:      lemuel_ice_spiral_2, layout_basic, serial_shops,
          nicolae_shop_waterfront, hangedman_decor_diamond_cutter
D:7:      layout_loops_ring, minmay_temple_entry_proselytizer, serial_shops,
          shop
D:8:      layout_cave_pods, enter_bailey_6, minivault_4, uniq_grum
D:9:      layout_big_octagon, cheibriados_altar_1,
          minmay_orc_entry_temple_small, minmay_misc_feat_more_columns,
          evilmike_butchery
D:10:     kennysheep_windowed_halls, layout_gridville, dpeg_lair_monsters,
          nicolae_alphabet_shops
D:11:     layout_basic
D:12:     layout_stronghold
D:13:     layout_small_grid, nicolae_benzene_ring, bh_circular_ruins,
          uniq_kirke, uniq_rupert, uniq_maurice
D:14:     layout_cave_pools, david_vaults_3, chequers_serial_rivers_small_3,
          kennysheep_crisscross, amcnicky_mini_corridor_feature
D:15:     grunt_enter_depths_magical_seal, layout_grid_maze,
          serial_park_square2, uniq_jorgrun
Temple:   grunt_wide_crystal_templ
Lair:1:   layout_small_grid
Lair:2:   layout_gridlike, minmay_snake_entry_guardpost_small,
          kennysheep_rathole, grunt_megastairs_2, infiniplex_staircase_pool_2,
          uniq_maggie
Lair:3:   layout_cave_pods, guppyfry_lair_drakes, serial_bayou_shore_b
Lair:4:   layout_roguey, minmay_swamp_entry_worms, portal_ice_cave_entry_imps,
          gammafunk_ghost_endoplasm
Lair:5:   layout_cave_pods
Lair:6:   due_jungle_book, layout_regular_city, nicolae_slime_entry_slimehenge,
          uniq_nessos
Orc:1:    layout_caves, gammafunk_ghost_wrathful_warriors, uniq_erolcha
Orc:2:    grunt_orc_cross, layout_caves, uniq_snorg

Skill      XL: |  1  2  3  4  5  6  7  8  9 10 11 12 13 14 15 16 |
---------------+-------------------------------------------------+-----
Spellcasting   | 3 4 5 6 7 9 10 11 13 15 16 17 | 17.2
Fighting       | 1 2 3 4 5 7 8 9 11 12 13 14 | 14.1
Armour         | 3 5 7 |  7.1
Invocations    | 3 4 6 7 9 |  9.6
Shields        | 3 4 |  4.0
Dodging        | |  2.2
Stealth        | |  1.5

Action                   |  1- 3 |  4- 6 |  7- 9 | 10-12 | 13-15 | 16-18 || total
-------------------------+-------+-------+-------+-------+-------+-------++-------
Melee: Dire flail        |    11 |       |       |       |       |       ||    11
       Rapier            |    46 |    29 |     2 |       |       |       ||    77
       Scimitar          |       |       |     2 |       |       |       ||     2
       Staff             |       |       |       |     2 |     9 |       ||    11
 Cast: Sandblast         |    17 |     2 |     2 |       |       |       ||    21
       Foxfire           |    10 |    81 |    13 |     1 |    75 |    23 ||   203
       Stone Arrow       |       |     2 |   133 |   171 |   299 |   105 ||   710
       Searing Ray       |       |     1 |       |       |       |       ||     1
       Gell's Gravitas   |       |       |    25 |    16 |       |       ||    41
       Lee's Rapid Decon |       |       |     3 |    17 |    33 |     4 ||    57
       Summon Lightning  |       |       |    31 |    79 |   142 |    32 ||   284
       Petrify           |       |       |       |     3 |     2 |     2 ||     7
       Iskenderun's Batt |       |       |       |       |    86 |    24 ||   110
       Manifold Assault  |       |       |       |       |     3 |       ||     3
       Dispersal         |       |       |       |       |    10 |     6 ||    16
Invok: Wall of Briars    |       |     2 |       |     3 |     3 |     2 ||    10
  Use: Scroll            |       |     2 |     7 |     6 |     9 |     3 ||    27
       Potion            |       |       |     1 |     3 |     2 |       ||     6
 Stab: Sleeping          |     5 |     2 |     2 |       |       |       ||     9
Armor: Robe              |    19 |     7 |     8 |       |       |       ||    34
       Ring mail         |       |       |     6 |    35 |    37 |     4 ||    82
       Scale mail        |       |       |       |       |       |    13 ||    13
Dodge: Dodged            |    59 |    22 |    59 |   104 |    64 |    11 ||   319
Block: Buckler           |       |       |       |    10 |    29 |    16 ||    55
       Rpst.: Scimitar   |       |       |    11 |     1 |       |       ||    12

Table legend: (Time is in decaauts)
 A = Elapsed time spent in this place.
 B = Non-inter-level travel time spent in this place.
 C = Inter-level travel time spent in this place.
 D = Time resting spent in this place.
 E = Time spent auto-exploring this place.
 F = Levels seen in this place.
 G = Mean time per level.
                   A        B        C        D        E       F      G
               +--------+--------+--------+--------+--------+-----+--------+
         Total |  42925 |  40441 |   2484 |  19942 |  10930 |  27 | 1589.8 |
       Dungeon |  24368 |  23038 |   1330 |  11204 |   6648 |  15 | 1624.5 |
        Temple |    108 |     93 |     15 |      0 |     58 |   1 |  108.0 |
          Lair |  12054 |  11108 |    946 |   5273 |   3550 |   6 | 2009.0 |
  Orcish Mines |   4287 |   4094 |    193 |   2114 |    558 |   2 | 2143.5 |
         Sewer |    650 |    650 |      0 |    338 |      0 |   1 |  650.0 |
        Bailey |    862 |    862 |      0 |    538 |    116 |   1 |  862.0 |
      Ice Cave |    593 |    593 |      0 |    475 |      0 |   1 |  593.0 |
               +--------+--------+--------+--------+--------+-----+--------+

Top non-repeatable levels by time:
  Lair:6: 3509 daAuts
    D:12: 3106 daAuts
    D:10: 3105 daAuts
  Lair:5: 2327 daAuts
    D:13: 2305 daAuts
   Orc:2: 2158 daAuts
   Orc:1: 2128 daAuts
  Lair:3: 2038 daAuts
     D:8: 1949 daAuts
     D:9: 1914 daAuts
     D:2: 1855 daAuts
  Lair:2: 1509 daAuts
    D:11: 1467 daAuts
  Lair:1: 1440 daAuts
     D:7: 1419 daAuts
